| TOP OF THE 1ST |
|
Waterloo Hawks batting - Pitching for Appleton Foxes : RHP Gary Frank
|
|
Pitching: RHP Gary Frank
|
|
|
Batting: RHB Aurin Matos
|
0-0: Fly out, F8 (Line Drive, 8RD, EV 93.1 MPH)
|
|
Batting: LHB Ivan Rivera
|
0-0: Foul Ball, location: 2F 0-1: Called Strike 0-2: Ball 1-2: Strikes out swinging
|
|
Batting: LHB Mike LaValliere
|
0-0: Ball 1-0: Ball 2-0: Ball 3-0: Base on Balls
|
|
Batting: RHB Carmelo Aguayo
|
0-0: Called Strike 0-1: Ball 1-1: Ground out 4-3 (Groundball, 4, EV 110.6 MPH)
|
| Top of the 1st over - 0 runs, 0 hits, 0 errors, 1 left on base; Waterloo 0 - Appleton 0 |
| BOTTOM OF THE 1ST |
|
Appleton Foxes batting - Pitching for Waterloo Hawks : RHP James Smith
|
|
Pitching: RHP James Smith
|
|
|
Batting: LHB John Csefalvay
|
0-0: Ball 1-0: Foul Ball, location: 2F 1-1: Foul Ball, location: 2F 1-2: Foul Ball, location: 2F 1-2: Ball 2-2: Strikes out swinging
|
|
Batting: RHB George Hinshaw
|
0-0: Ball 1-0: Fly out, F7 (Flyball, 78D, EV 105.0 MPH)
|
|
Batting: LHB Tim Knight
|
0-0: Called Strike 0-1: Called Strike 0-2: Fly out, F1 (Line Drive, P, EV 68.8 MPH)
|
| Bottom of the 1st over - 0 runs, 0 hits, 0 errors, 0 left on base; Waterloo 0 - Appleton 0 |
| TOP OF THE 2ND |
|
Waterloo Hawks batting - Pitching for Appleton Foxes : RHP Gary Frank
|
|
Batting: RHB Ray Torres
|
0-0: Called Strike 0-1: Called Strike 0-2: Ball 1-2: Strikes out swinging
|
|
Batting: RHB Dan Whitmer
|
0-0: Ball 1-0: Ball 2-0: Foul Ball, location: 2F 2-1: Ball 3-1: Foul Ball, location: 2F 3-2: Base on Balls
|
|
Batting: RHB Michael Williams
|
0-0: Called Strike 0-1: Swinging Strike 0-2: Ball 1-2: Strikes out looking
|
|
Batting: RHB David Cusack
|
0-0: Called Strike 0-1: Called Strike 0-2: Ball 1-2: Ball 2-2: Foul Ball, location: 2F 2-2: SINGLE (Line Drive, 89S, EV 110.6 MPH) Dan Whitmer to second
|
|
Batting: LHB Randall Curtis
|
0-0: Ground out 6-3 (Groundball, 6S, EV 69.4 MPH)
|
| Top of the 2nd over - 0 runs, 1 hit, 0 errors, 2 left on base; Waterloo 0 - Appleton 0 |
| BOTTOM OF THE 2ND |
|
Appleton Foxes batting - Pitching for Waterloo Hawks : RHP James Smith
|
|
Batting: RHB Douglas Lulay
|
0-0: SINGLE (Groundball, 4S, EV 68.8 MPH) (infield hit)
|
|
Batting: SHB Matt Gallegos
|
0-0: Called Strike Douglas Lulay steals 2nd base 0-1: Ball 1-1: Called Strike 1-2: Ball 2-2: Foul Ball, location: 2F 2-2: Ball 3-2: SINGLE (Groundball, 15S, EV 61.9 MPH) (infield hit) Douglas Lulay to third
|
|
Batting: RHB Jack Upton
|
0-0: Ball 1-0: Ball 2-0: Ball 3-0: Base on Balls Matt Gallegos to second
|
|
Batting: RHB Peter Rowe
|
0-0: Ball 1-0: Ball 2-0: Grounds into double play, 6-4-3 (Groundball, 6, EV 85.0 MPH) Douglas Lulay scores Matt Gallegos to third
|
|
Batting: RHB Thomas Norko
|
0-0: Called Strike 0-1: Ball 1-1: Foul Ball, location: 2F 1-2: Strikes out swinging
|
| Bottom of the 2nd over - 1 run, 2 hits, 0 errors, 1 left on base; Waterloo 0 - Appleton 1 |
| TOP OF THE 3RD |
|
Waterloo Hawks batting - Pitching for Appleton Foxes : RHP Gary Frank
|
|
Batting: RHB Aurin Matos
|
0-0: Ball 1-0: Called Strike 1-1: Called Strike 1-2: Ball 2-2: Ground out 6-3 (Groundball, 6, EV 86.3 MPH)
|
|
Batting: LHB Ivan Rivera
|
0-0: SINGLE (Flyball, 7LS, EV 84.4 MPH)
|
|
Batting: LHB Mike LaValliere
|
0-0: SINGLE (Line Drive, 34D, EV 101.9 MPH) Ivan Rivera to second
|
|
Batting: RHB Carmelo Aguayo
|
0-0: Called Strike 0-1: Fly out, F4 (Flyball, 3D, EV 84.4 MPH)
|
|
Batting: RHB Ray Torres
|
0-0: Ball 1-0: Fly out, F9 (Line Drive, 9, EV 89.4 MPH)
|
| Top of the 3rd over - 0 runs, 2 hits, 0 errors, 2 left on base; Waterloo 0 - Appleton 1 |
| BOTTOM OF THE 3RD |
|
Appleton Foxes batting - Pitching for Waterloo Hawks : RHP James Smith
|
|
Batting: RHB Philip Sutton
|
0-0: Called Strike 0-1: Foul Ball, location: 2F 0-2: Ball 1-2: Strikes out looking
|
|
Batting: LHB John Csefalvay
|
0-0: Ball 1-0: Called Strike 1-1: Foul Ball, location: 2F 1-2: Ball 2-2: Ball 3-2: Fly out, F4 (Flyball, 3D, EV 93.1 MPH)
|
|
Batting: RHB George Hinshaw
|
0-0: Ball 1-0: Ball 2-0: Swinging Strike 2-1: SINGLE (Groundball, 4S, EV 65.0 MPH) (infield hit)
|
|
Batting: LHB Tim Knight
|
0-0: Ball 1-0: Foul Ball, location: 2F 1-1: Ball George Hinshaw steals 2nd base 2-1: Ground out 6-3 (Groundball, 6, EV 82.5 MPH)
|
| Bottom of the 3rd over - 0 runs, 1 hit, 0 errors, 1 left on base; Waterloo 0 - Appleton 1 |
| TOP OF THE 4TH |
|
Waterloo Hawks batting - Pitching for Appleton Foxes : RHP Gary Frank
|
|
Batting: RHB Dan Whitmer
|
0-0: Called Strike 0-1: SOLO HOME RUN (Line Drive, 7D, EV 102.5 MPH), Distance : 379 ft
|
|
Batting: RHB Michael Williams
|
0-0: Ball 1-0: Ball 2-0: Ball 3-0: Called Strike 3-1: Foul Ball, location: 2F 3-2: Base on Balls
|
|
Batting: RHB David Cusack
|
0-0: Foul Ball, location: 2F 0-1: Foul Ball, location: 2F 0-2: Ball 1-2: Strikes out swinging
|
|
Batting: LHB Randall Curtis
|
0-0: Foul Ball, location: 2F 0-1: Called Strike 0-2: Ball 1-2: Fielders Choice at 2nd, 5-4 (Groundball, 56, EV 105.0 MPH)
|
|
Batting: RHB Aurin Matos
|
0-0: Swinging Strike 0-1: Ball 1-1: Ball 2-1: Foul Ball, location: 2F 2-2: Fielders Choice at 2nd, 6-4 (Groundball, 56, EV 77.5 MPH)
|
| Top of the 4th over - 1 run, 1 hit, 0 errors, 1 left on base; Waterloo 1 - Appleton 1 |
| BOTTOM OF THE 4TH |
|
Appleton Foxes batting - Pitching for Waterloo Hawks : RHP James Smith
|
|
Now at 1B: Bruce Humphrey
|
|
|
Batting: RHB Douglas Lulay
|
0-0: Ball 1-0: Called Strike 1-1: Ball 2-1: Foul Ball, location: 2F 2-2: Strikes out swinging
|
|
Batting: SHB Matt Gallegos
|
0-0: Foul Ball, location: 2F 0-1: Ball 1-1: Foul Ball, location: 2F 1-2: SINGLE (Groundball, 56D, EV 99.4 MPH)
|
|
Batting: RHB Jack Upton
|
0-0: Ball 1-0: Fly out, F7 (Flyball, 7D, EV 93.1 MPH)
|
|
Batting: RHB Peter Rowe
|
0-0: Ball Matt Gallegos is caught stealing 2nd base 2-4
|
| Bottom of the 4th over - 0 runs, 1 hit, 0 errors, 0 left on base; Waterloo 1 - Appleton 1 |
| TOP OF THE 5TH |
|
Waterloo Hawks batting - Pitching for Appleton Foxes : RHP Gary Frank
|
|
Batting: LHB Ivan Rivera
|
0-0: Fly out, F7 (Flyball, 7S, EV 91.3 MPH)
|
|
Batting: LHB Mike LaValliere
|
0-0: Ball 1-0: Called Strike 1-1: Foul Ball, location: 2F 1-2: SINGLE (Line Drive, 4D, EV 96.3 MPH)
|
|
Batting: RHB Carmelo Aguayo
|
0-0: Ball 1-0: Swinging Strike 1-1: Swinging Strike 1-2: Strikes out looking
|
|
Batting: RHB Ray Torres
|
0-0: Ball 1-0: Called Strike 1-1: TRIPLE (Flyball, 78XD, EV 110.0 MPH) Mike LaValliere scores
|
|
Batting: RHB Dan Whitmer
|
0-0: Ball 1-0: Foul Ball, location: 2F 1-1: SINGLE (Groundball, 6D, EV 103.1 MPH) Ray Torres scores
|
|
Batting: LHB Bruce Humphrey
|
0-0: Called Strike 0-1: Foul Ball, location: 2F 0-2: Foul Ball, location: 2F 0-2: Fly out, F4 (Popup, 23, EV 86.9 MPH)
|
| Top of the 5th over - 2 runs, 3 hits, 0 errors, 1 left on base; Waterloo 3 - Appleton 1 |
| BOTTOM OF THE 5TH |
|
Appleton Foxes batting - Pitching for Waterloo Hawks : RHP James Smith
|
|
Batting: RHB Peter Rowe
|
0-0: Called Strike 0-1: Ball 1-1: Foul Ball, location: 2F 1-2: Ball 2-2: Ground out 3-1 (Groundball, 34, EV 101.3 MPH)
|
|
Batting: RHB Thomas Norko
|
0-0: Reached on error, E8 (Flyball, 8RD, EV 104.4 MPH)
|
|
Batting: RHB Philip Sutton
|
0-0: Called Strike Thomas Norko steals 3rd base 0-1: Foul Ball, location: 2F 0-2: Ball 1-2: Ball 2-2: Ground out 6-3 (Groundball, 6, EV 101.3 MPH) Thomas Norko scores
|
|
Batting: LHB John Csefalvay
|
0-0: Called Strike 0-1: Ball 1-1: Ball 2-1: Ball 3-1: Fly out, F8 (Flyball, 8LXD, EV 96.3 MPH)
|
| Bottom of the 5th over - 1 run, 0 hits, 1 error, 0 left on base; Waterloo 3 - Appleton 2 |
| TOP OF THE 6TH |
|
Waterloo Hawks batting - Pitching for Appleton Foxes : RHP Gary Frank
|
|
Batting: RHB David Cusack
|
0-0: Ball 1-0: Fly out, F8 (Line Drive, 8RD, EV 93.1 MPH)
|
|
Batting: LHB Randall Curtis
|
0-0: Ball 1-0: Ball 2-0: SINGLE (Groundball, 56D, EV 93.8 MPH)
|
|
Batting: RHB Aurin Matos
|
0-0: Called Strike 0-1: Ball 1-1: Fly out, F3 (Popup, 3F, EV 74.4 MPH)
|
|
Batting: LHB Ivan Rivera
|
0-0: Ball 1-0: Ball 2-0: Ball 3-0: Called Strike 3-1: Called Strike 3-2: Strikes out swinging
|
| Top of the 6th over - 0 runs, 1 hit, 0 errors, 1 left on base; Waterloo 3 - Appleton 2 |
| BOTTOM OF THE 6TH |
|
Appleton Foxes batting - Pitching for Waterloo Hawks : RHP James Smith
|
|
Batting: RHB George Hinshaw
|
0-0: Ball 1-0: Fly out, F8 (Line Drive, 8LM, EV 100.0 MPH)
|
|
Batting: LHB Tim Knight
|
0-0: Ball 1-0: Foul Ball, location: 2F 1-1: Ball 2-1: Ball 3-1: Fly out, F6 (Popup, 6MS, EV 81.3 MPH)
|
|
Batting: RHB Douglas Lulay
|
0-0: Ball 1-0: Called Strike 1-1: Ground out U3 (Groundball, 3, EV 80.0 MPH)
|
| Bottom of the 6th over - 0 runs, 0 hits, 0 errors, 0 left on base; Waterloo 3 - Appleton 2 |
| TOP OF THE 7TH |
|
Waterloo Hawks batting - Pitching for Appleton Foxes : RHP Gary Frank
|
|
Batting: LHB Mike LaValliere
|
0-0: Ball 1-0: Swinging Strike 1-1: Foul Ball, location: 2F 1-2: Strikes out looking
|
|
Batting: RHB Carmelo Aguayo
|
0-0: Called Strike 0-1: Fly out, F9 (Flyball, 89S, EV 90.0 MPH)
|
|
Batting: RHB Ray Torres
|
0-0: Ball 1-0: Ball 2-0: Ball 3-0: Called Strike 3-1: Base on Balls
|
|
Batting: RHB Dan Whitmer
|
0-0: Called Strike 0-1: Foul Ball, location: 2F 0-2: Ball 1-2: Ball 2-2: Foul Ball, location: 2F 2-2: SINGLE (Groundball, 5D, EV 102.5 MPH) Ray Torres to second Runner from 2nd tries for 3rd, SAFE, no throw by LF
|
|
Batting: LHB Bruce Humphrey
|
0-0: Ball 1-0: Called Strike 1-1: SINGLE (Groundball, 3D, EV 108.8 MPH) Ray Torres scores Dan Whitmer to second Runner from 2nd tries for 3rd, OUT! 9-5
|
| Top of the 7th over - 1 run, 2 hits, 0 errors, 1 left on base; Waterloo 4 - Appleton 2 |
| BOTTOM OF THE 7TH |
|
Appleton Foxes batting - Pitching for Waterloo Hawks : RHP James Smith
|
|
Batting: SHB Matt Gallegos
|
0-0: Ball 1-0: Foul Ball, location: 2F 1-1: Ground out 6-3 (Groundball, 56, EV 99.4 MPH)
|
|
Batting: RHB Jack Upton
|
0-0: Ball 1-0: Swinging Strike 1-1: Foul Ball, location: 2F 1-2: Ball 2-2: DOUBLE (Line Drive, 5D, EV 98.1 MPH)
|
|
Batting: RHB Peter Rowe
|
0-0: Called Strike 0-1: Foul Ball, location: 2F 0-2: Ball 1-2: Ball 2-2: Ball 3-2: Fly out, F3 (Popup, 3S, EV 85.0 MPH)
|
|
Batting: RHB Thomas Norko
|
0-0: Called Strike 0-1: Ball 1-1: Ball 2-1: Fly out, F8 (Flyball, 8LD, EV 102.5 MPH)
|
| Bottom of the 7th over - 0 runs, 1 hit, 0 errors, 1 left on base; Waterloo 4 - Appleton 2 |
| TOP OF THE 8TH |
|
Waterloo Hawks batting - Pitching for Appleton Foxes : RHP Gary Frank
|
|
Batting: RHB David Cusack
|
0-0: Called Strike 0-1: Ground out U3 (Groundball, 3L, EV 83.1 MPH)
|
|
Batting: LHB Randall Curtis
|
0-0: Called Strike 0-1: Ground out 6-3 (Groundball, 6, EV 101.3 MPH)
|
|
Batting: RHB Aurin Matos
|
0-0: Foul Ball, location: 2F 0-1: Ground out 4-3 (Groundball, 4, EV 87.5 MPH)
|
| Top of the 8th over - 0 runs, 0 hits, 0 errors, 0 left on base; Waterloo 4 - Appleton 2 |
| BOTTOM OF THE 8TH |
|
Appleton Foxes batting - Pitching for Waterloo Hawks : RHP James Smith
|
|
Batting: RHB Philip Sutton
|
0-0: Foul Ball, location: 2F 0-1: Ball 1-1: SINGLE (Groundball, 56D, EV 80.6 MPH) (infield hit)
|
|
Batting: LHB John Csefalvay
|
0-0: Ball 1-0: Fielders Choice at 2nd, 1-6 (Groundball, P, EV 80.6 MPH)
|
|
Batting: RHB George Hinshaw
|
0-0: Ball 1-0: Fielders Choice at 2nd, 5-4 (Groundball, 56, EV 86.9 MPH)
|
|
Batting: LHB Tim Knight
|
0-0: Ball 1-0: Called Strike 1-1: Ball 2-1: Called Strike 2-2: Foul Ball, location: 2F 2-2: Ball 3-2: Foul Ball, location: 2F 3-2: Foul Ball, location: 2F 3-2: Fly out, F5 (Popup, 56S, EV 75.0 MPH)
|
| Bottom of the 8th over - 0 runs, 1 hit, 0 errors, 1 left on base; Waterloo 4 - Appleton 2 |
| TOP OF THE 9TH |
|
Waterloo Hawks batting - Pitching for Appleton Foxes : RHP Gary Frank
|
|
Batting: LHB Ivan Rivera
|
0-0: Ball 1-0: Ground out 4-3 (Groundball, 4, EV 76.9 MPH)
|
|
Pitching: RHP Frederick Atkins
|
|
|
Batting: LHB Mike LaValliere
|
0-0: Fly out, F8 (Flyball, 78D, EV 96.9 MPH)
|
|
Batting: RHB Carmelo Aguayo
|
0-0: Swinging Strike 0-1: Ball 1-1: Foul Ball, location: 2F 1-2: Foul Ball, location: 2F 1-2: Fly out, F9 (Flyball, 89M, EV 88.8 MPH)
|
| Top of the 9th over - 0 runs, 0 hits, 0 errors, 0 left on base; Waterloo 4 - Appleton 2 |
| BOTTOM OF THE 9TH |
|
Appleton Foxes batting - Pitching for Waterloo Hawks : RHP James Smith
|
|
Batting: RHB Douglas Lulay
|
0-0: Fly out, F7 (Flyball, 78M, EV 89.4 MPH)
|
|
Batting: SHB Matt Gallegos
|
0-0: Ball 1-0: Foul Ball, location: 2F 1-1: Ball 2-1: Called Strike 2-2: Ground out 1-3 (Groundball, P, EV 72.5 MPH)
|
|
Batting: RHB Jack Upton
|
0-0: Ball 1-0: Fly out, F6 (Flyball, 56D, EV 95.0 MPH)
|
| Bottom of the 9th over - 0 runs, 0 hits, 0 errors, 0 left on base; Waterloo 4 - Appleton 2 |
|